 Dungeon Crawl Stone Soup version 0.30-a0-374-g95c0257040 (webtiles) character file.

Game seed: 4282285393256196711

141 pokeman the Magician (level 5, -1/29 HPs)
             Began as a Deep Elf Hedge Wizard on Nov 26, 2022.
             Slain by Grinder (3 damage)
             ... while paralysed by Grinder
             ... on level 3 of the Dungeon.
             The game lasted 00:06:31 (3246 turns).

pokeman the Magician (Deep Elf Hedge Wizard)        Turns: 3246, Time: 00:06:31

Health: -1/29      AC:  9    Str:  7    XL:     5   Next: 3%
Magic:  10/15      EV:  2    Int: 21    God:
Gold:   166        SH:  0    Dex: 14    Spells: 7/15 levels left

rFire   + . .      SeeInvis .    f - +2 dagger (venom)
rCold   . . .      Faith    .    (no shield)
rNeg    . . .      Spirit   .    r - +0 leather armour
rPois   .          Reflect  +    i - +2 helmet
rElec   .          Harm     .    t - +0 cloak
rCorr   .          Rampage  .    o - +1 pair of gloves
Will    .....                    (no boots)
Stlth   ++........               u - amulet of reflection
HPRegen 0.24/turn                k - ring of flight
MPRegen 0.14/turn                b - ring of protection from fire

@: paralysed, flying
A: no striking features
a: no special abilities


You were on level 3 of the Dungeon.
You visited 1 branch of the dungeon, and saw 3 of its levels.

You collected 166 gold pieces.

Inventory:

Hand Weapons
 f - a +2 dagger of venom (weapon)
 s - a +4 quarterstaff of chaos
Missiles
 m - 3 throwing nets
Armour
 i - a +2 helmet (worn)
 o - a +1 pair of gloves (worn)
 r - a +0 leather armour (worn)
 t - a +0 cloak (worn)
Jewellery
 b - a ring of protection from fire (right hand)
 k - a ring of flight (left hand)
 u - an amulet of reflection (around neck)
Scrolls
 c - a scroll of enchant weapon {unknown}
 e - a scroll of fear {unknown}
 j - 2 scrolls of identify {unknown}
 n - a scroll of immolation {unknown}
 p - a scroll of enchant armour {unknown}
 q - a scroll of teleportation {unknown}
Potions
 a - a potion of might {unknown}
 d - a potion of magic
 g - a potion of curing {unknown}
 h - a potion of attraction {unknown}
 l - a potion of berserk rage {unknown}
 v - a potion of resistance {unknown}


   Skills:
 - Level 1.0 Fighting
 - Level 1.0 Armour
 - Level 3.0 Dodging
 - Level 3.0 Stealth
 * Level 5.9 Spellcasting
 + Level 2.5 Conjurations
 - Level 1.1 Summonings
 - Level 1.1 Translocations
 + Level 0.2 Air Magic
 + Level 0.0 Poison Magic


You had 7 spell levels left.
You knew the following spells:

 Your Spells              Type           Power      Damage    Failure   Level
a - Magic Dart            Conj           64%        1d6       4%          1
b - Mephitic Cloud        Conj/Pois/Air  10%        N/A       30%         3
c - Call Imp              Summ           10%        N/A       14%         2
d - Blink                 Tloc           20%        N/A       14%         2

Your spell library contained the following spells:

 Spells                   Type           Power      Damage    Failure   Level
 Slow                     Hex            24%        N/A       14%         1
 Poisonous Vapours        Pois/Air       12%        N/A       21%         2
 Cigotuvi's Dreadful Rot  Necr/Pois/Air  12%        N/A       22%         2


Dungeon Overview and Level Annotations

Branches:
Dungeon (3/15)

Altars:

Annotations:
D:3 Grinder


Message History

Aim: Grinder (moderately wounded, ally target, 100% to hit)
The magic dart hits Grinder.
Grinder is moderately wounded.
Unknown command.
Casting: Magic Dart (safe; 4% risk of failure)
Confirm with . or Enter, or press ? or * to list all spells.
Aiming: Magic Dart (safe; 4% risk of failure)
Press: ? - help, Shift-Dir - straight line, f/p - Grinder
Aim: Grinder (moderately wounded, ally target, 100% to hit)
The magic dart hits Grinder.
Grinder is heavily wounded.
Grinder gestures at you.
You suddenly lose the ability to move!
Your white imp closely misses Grinder.
You can move again.
Casting: Magic Dart (safe; 4% risk of failure)
Confirm with . or Enter, or press ? or * to list all spells.
Aiming: Magic Dart (safe; 4% risk of failure)
Press: ? - help, Shift-Dir - straight line, f/p - Grinder
Aim: Grinder (heavily wounded, ally target, 100% to hit)
The magic dart hits Grinder.
Grinder is heavily wounded.
Unknown command.
You closely miss Grinder.
Grinder is heavily wounded.
Grinder hits you.
You writhe in agony.
Your white imp hits Grinder.
Your white imp freezes Grinder.
Grinder completely resists.
Unknown command.
You barely miss Grinder.
Grinder is heavily wounded.
Grinder gestures at you.
You suddenly lose the ability to move!
Your white imp hits Grinder but does no damage.
Grinder gestures at you. Pain shoots through your body!
* * * LOW HITPOINT WARNING * * *
Your white imp hits Grinder but does no damage.
Grinder hits you.
* * * LOW HITPOINT WARNING * * *
You writhe in agony.
You die...

####..#.#######..#.....##
.....†.................##
#....#.##########..†....#
..###...#########[......#
... ....##.....#......(.#
#### ...#..............##
###...............#
.................#
#........@......#
#.......5.......#
#....>..5.......#
#...............#
##.............##
##.....#.....##
#.########### #.# ..#


You could see Grinder (ally target) and a friendly white imp (summoned).

Vanquished Creatures
  Crazy Yiuf (D:2)
  4 gnolls (D:2)
  2 adders (D:2)
  2 worms
  3 endoplasms
  A giant cockroach (D:2)
  6 goblins
  9 hobgoblins
  4 jackals
  5 kobolds
  3 ball pythons
  6 bats
  5 frilled lizards
  2 rats (D:1)
53 creatures vanquished.

Notes
Turn   | Place    | Note
-------+----------+-------------------------------------------
     0 | D:1      | pokeman the Deep Elf Hedge Wizard began the quest for the
                  | Orb.
     0 | D:1      | Reached XP level 1. HP: 10/10 MP: 7/7
   324 | D:1      | Reached XP level 2. HP: 16/16 MP: 6/9
   744 | D:1      | Reached skill level 5 in Spellcasting
  1492 | D:2      | Reached XP level 3. HP: 20/20 MP: 8/11
  1496 | D:2      | Learned a level 3 spell: Mephitic Cloud
  1499 | D:2      | Learned a level 2 spell: Call Imp
  1502 | D:2      | Learned a level 2 spell: Blink
  1653 | D:2      | Reached skill level 1 in Fighting
  1653 | D:2      | Reached skill level 1 in Armour
  1760 | D:2      | Found a runed translucent door.
  1761 | D:2      | Noticed Crazy Yiuf
  2261 | D:2      | Reached XP level 4. HP: 24/25 MP: 5/13
  2472 | D:2      | Found a faded altar of an unknown god.
  2909 | D:2      | Killed Crazy Yiuf
  3100 | D:3      | Reached XP level 5. HP: 29/29 MP: 10/15
  3214 | D:3      | Noticed Grinder
  3215 | D:3      | Paralysed by Grinder for 5 turns
  3240 | D:3      | Paralysed by Grinder for 2 turns
  3244 | D:3      | Paralysed by Grinder for 3 turns
  3246 | D:3      | Slain by Grinder

Illustrated notes

Levels and vault maps discovered:
D:1:      dpeg_arrival_boxorama, layout_basic, bh_walls_and_bars
D:2:      layout_basic, hellmonk_ecumenical_altar_leap_of_faith,
          corner_web_ring, uniq_crazy_yiuf_cottage
D:3:      layout_rooms, uniq_grinder, uniq_terence

Skill      XL: |  1  2  3  4 |
---------------+-------------+-----
Spellcasting   | 5 |  5.9
Fighting       | 1 |  1.0
Armour         | 1 |  1.0
Conjurations   | 2 |  2.5
Dodging        | 3 |  3.0
Stealth        | 3 |  3.0
Summonings     | |  1.1
Translocations | |  1.1
Air Magic      | |  0.2

Action                   |  1- 3 |  4- 6 || total
-------------------------+-------+-------++-------
Melee: Dagger            |    26 |    18 ||    44
 Cast: Magic Dart        |    99 |    13 ||   112
       Mephitic Cloud    |     3 |     5 ||     8
       Call Imp          |       |     2 ||     2
 Stab: Confused          |     1 |     3 ||     4
Armor: Robe              |     8 |       ||     8
       Leather armour    |       |     3 ||     3
Dodge: Dodged            |    23 |     2 ||    25

Table legend: (Time is in decaauts)
 A = Elapsed time spent in this place.
 B = Non-inter-level travel time spent in this place.
 C = Inter-level travel time spent in this place.
 D = Time resting spent in this place.
 E = Time spent auto-exploring this place.
 F = Levels seen in this place.
 G = Mean time per level.
                   A        B        C        D        E       F      G
               +--------+--------+--------+--------+--------+-----+--------+
         Total |   3245 |   3082 |    163 |     68 |   2474 |   3 | 1081.7 |
       Dungeon |   3245 |   3082 |    163 |     68 |   2474 |   3 | 1081.7 |
               +--------+--------+--------+--------+--------+-----+--------+

Top non-repeatable levels by time:
     D:1: 1571 daAuts
     D:2: 1406 daAuts
     D:3: 267 daAuts
